 Dungeon Crawl Stone Soup version 0.21-a0-440-g28109cb (webtiles) character file.

8368 torrenera the Cruncher (level 11, -3/87 HPs)
             Began as a Demonspawn Gladiator on Nov 10, 2017.
             Was a Follower of Qazlal.
             Slain by a white ugly thing (22 damage)
             ... on level 10 of the Dungeon.
             The game lasted 00:27:24 (12176 turns).

torrenera the Cruncher (Demonspawn Gladiator)      Turns: 12176, Time: 00:27:26

Health: -3/87      AC: 12    Str: 17    XL:     11   Next: 9%
Magic:  11/11      EV: 13    Int:  9    God:    Qazlal [*.....]
Gold:   494        SH:  2    Dex: 16    Spells: 10/10 levels left

rFire    x . .     SeeInvis .   a - +0 quarterstaff
rCold    . . .     Gourm    .   (shield currently unavailable)
rNeg     . . .     Faith    .   G - +2 leather armour {rPois}
rPois    +         Spirit   .   y - +0 helmet of Fiwacuiq {+Fly rF- MR+ Slay+3}
rElec    .         Reflect  .   (no cloak)
rCorr    .         Harm     .   C - +0 pair of gloves
MR       +....                  (boots unavailable)
Stlth    +.........             (no amulet)
HPRegen  0.24/turn              E - +3 ring of protection
MPRegen  0.12/turn              (no ring)

@: about to teleport
A: hooves 3, yellow scales 1, demonic guardian 1, spiny 1
a: Renounce Religion, Evoke Flight


You were on level 10 of the Dungeon.
You worshipped Qazlal.
Qazlal was aware of your devotion.
You were not hungry.

You visited 2 branches of the dungeon, and saw 12 of its levels.

You collected 494 gold pieces.

Inventory:

Hand Weapons
 a - a +0 quarterstaff (weapon)
 q - a +0 hunting sling
Missiles
 d - 2 throwing nets
 e - 8 javelins (quivered)
 h - 355 stones
Armour
 y - the +0 helmet of Fiwacuiq (worn) {+Fly rF- MR+ Slay+3}
   (You found it on level 5 of the Dungeon)

   It affects your accuracy and damage with ranged weapons and melee attacks
   (+3).
   It makes you vulnerable to fire.
   It affects your resistance to hostile enchantments.
   It lets you fly.
 C - a +0 pair of gloves (worn)
 G - a +2 leather armour of poison resistance (worn)
 Q - a +0 shield
 S - a +1 helmet
Jewellery
 E - a +3 ring of protection (left hand)
 V - a +2 ring of strength {unknown}
Wands
 c - a wand of flame (0/48)
 D - a wand of polymorph (9/24)
 K - a wand of iceblast (4/15)
 L - a wand of polymorph (13/24)
 M - a wand of paralysis (0/24)
 O - a wand of disintegration (3/24)
Scrolls
 b - 2 scrolls of remove curse
 g - 5 scrolls of identify
 i - 5 scrolls of amnesia
 j - 5 scrolls of fear {unknown}
 m - 2 scrolls of enchant armour
 p - 4 scrolls of teleportation
 r - 3 scrolls of magic mapping {unknown}
 u - 3 scrolls of fog {unknown}
 w - 2 scrolls of immolation {unknown}
 x - 2 scrolls of enchant weapon {unknown}
 F - 4 scrolls of recharging {unknown}
 P - a scroll of noise {unknown}
 W - a scroll of blinking {unknown}
 X - a scroll of torment {unknown}
Potions
 k - a potion of invisibility
 l - 2 potions of cancellation
 o - 3 potions of curing {unknown}
 s - a potion of agility {unknown}
 t - 3 potions of magic {unknown}
 z - 4 potions of heal wounds {unknown}
 B - 4 potions of flight {unknown}
 I - 2 potions of haste
 J - 3 potions of lignification {unknown}
 N - 2 potions of mutation {unknown}
 T - a potion of brilliance {unknown}
Books
 R - a book of Geomancy

   Spells                             Type                      Level
   a - Sandblast                      Earth                        1
   b - Passwall                       Transmutation/Earth          2
   c - Stone Arrow                    Conjuration/Earth            3
   d - Petrify                        Transmutation/Earth          4
   e - Lee's Rapid Deconstruction     Earth                        5
Miscellaneous
 Y - a sack of spiders
Comestibles
 f - 8 bread rations
 n - 14 royal jellies
 v - 10 fruits
 A - 4 meat rations
 H - 11 chunks of flesh


   Skills:
 * Level 8.7 Fighting
 + Level 13.5 Staves
 - Level 1.7 Throwing
 - Level 2.6 Dodging


You had 10 spell levels left.
You didn't know any spells.

Dungeon Overview and Level Annotations

Branches:
Dungeon (11/15)            Temple (1/1) D:7             Orc (0/2) D:11
   Lair: D:8-11

Altars:
Ashenzari
Cheibriados
Elyvilon
Gozag
Makhleb
Nemelex Xobeh
Okawaru
Qazlal
Ru
Sif Muna
Trog
Uskayaw
Vehumet
Wu Jian
Xom
Yredelemnul


Innate Abilities, Weirdness & Mutations

You have hooves in place of feet.
You are partially covered in yellow scales. (AC +2)
A weak demonic guardian rushes to your aid.
You are partially covered in sharp spines.


Message History

Your quasit claws the hungry ghost.
Your quasit completely misses the hungry ghost.
The hungry ghost hits your quasit. The white ugly thing kicks you.
The white ugly thing freezes you!!
A jelly comes into view.
Your quasit bites the hungry ghost.
Your quasit barely misses the hungry ghost. x2
The white ugly thing is struck by your spines.
The white ugly thing kicks you. The white ugly thing freezes you!!
* * * LOW HITPOINT WARNING * * *
You climb upwards.
There is a stone staircase leading down here.
You have 494 gold pieces.
As you read the scroll of teleportation, it crumbles to dust.
You feel strangely unstable.
The white ugly thing is struck by your spines.
The white ugly thing kicks you.
* * * LOW HITPOINT WARNING * * *
The white ugly thing freezes you!!
You die...

### ##########.#
[....<.#...#
########.#.###########
.........#...........#
####################.#
#... ...# #.#
#.###########.#### #.#
...............u@###)#
.#.#....)........[([.#
.#.#....÷[.#####.#######
.#.#######.....[.......#
.......###)#####.#####.#
...............).#####.#
..≈....≈...............#
.........;.......#######
.≈≈.≈.≈≈...)≈..#


You could see a white ugly thing.

Vanquished Creatures
  A two-headed ogre (D:8)
  2 slime creatures (D:10)
  A queen bee (D:8)
  The ghost of Marlhin the Chopper, an amateur MiBe of Trog (D:4)
  2 trolls
  3 wyverns
  A steam dragon (D:10)
  A warg (D:11)
  2 soldier ants
  A water moccasin (D:9)
  2 orc warriors
  3 ice beasts
  3 sky beasts
  5 ogres
  4 centaurs
  4 wolves (D:10)
  A crocodile (D:9)
  A gnoll sergeant (D:10)
  7 bullfrogs
  5 scorpions
  21 killer bees
  2 electric eels
  4 crimson imps
  A jelly (D:8)
  2 bullfrog skeletons
  A gnoll shaman (D:7)
  5 hounds
  7 orc priests
  11 orc wizards
  2 centaur skeletons
  An iguana (D:7)
  10 worker ants
  A hound skeleton (D:10)
  2 hound zombies
  13 gnolls
  A howler monkey skeleton (D:9)
  A howler monkey zombie (D:5)
  11 adders
  A shadow imp (D:5)
  An ooze (D:5)
  2 adder skeletons
  4 worms
  2 dart slugs
  4 leopard geckos
  45 orcs
  8 bats
  7 giant cockroaches
  8 goblins
  7 hobgoblins
  10 jackals
  3 quokkas
  3 ball pythons
  7 frilled lizards
  11 kobolds
  A leopard gecko zombie (D:6)
  A quokka skeleton (D:9)
  8 rats
279 creatures vanquished.

Vanquished Creatures (collateral kills)
  Grinder (D:3)
  A bullfrog (D:5)
  An adder (D:11)
  6 orcs
  A rat (D:3)
10 creatures vanquished.

Vanquished Creatures (others)
  2 orcs (D:10)
2 creatures vanquished.

Grand Total: 291 creatures vanquished

Notes
Turn   | Place    | Note
-------+----------+-------------------------------------------
     0 | D:1      | torrenera the Demonspawn Gladiator began the quest for the Orb.
     0 | D:1      | Reached XP level 1. HP: 16/16 MP: 1/1
   441 | D:1      | Reached skill level 3 in Staves
   625 | D:1      | Gained mutation: A weak demonic guardian rushes to your aid. [demonic ancestry]
   625 | D:1      | Reached XP level 2. HP: 16/22 MP: 2/2
  1566 | D:2      | Gained mutation: You have large cloven feet. [demonic ancestry]
  1566 | D:2      | Reached XP level 3. HP: 22/27 MP: 3/3
  1641 | D:2      | Reached skill level 4 in Staves
  1823 | D:2      | Found a hide-covered altar of Uskayaw.
  2214 | D:2      | Gained mutation: You are partially covered in sharp spines. [demonic ancestry]
  2214 | D:2      | Reached XP level 4. HP: 29/33 MP: 4/4
  2408 | D:3      | Noticed Grinder
  2577 | D:3      | Reached skill level 5 in Staves
  2770 | D:3      | Reached XP level 5. HP: 11/38 MP: 5/5
  3017 | D:3      | Killed Grinder
  3017 | D:3      | Reached skill level 6 in Staves
  3017 | D:3      | Reached XP level 6. HP: 11/44 MP: 6/6
  3575 | D:4      | Found an iron altar of Okawaru.
  3595 | D:4      | Reached skill level 7 in Staves
  3632 | D:4      | Reached XP level 7. HP: 50/50 MP: 7/7
  3917 | D:4      | Noticed Marlhin's ghost (amateur MiBe)
  3964 | D:4      | Killed Marlhin's ghost
  3964 | D:4      | Reached skill level 8 in Staves
  4183 | D:4      | Found an ornate altar of the Wu Jian Council.
  4203 | D:4      | Found a deep blue altar of Sif Muna.
  4514 | D:5      | Entered Level 5 of the Dungeon
  4531 | D:5      | Reached skill level 9 in Staves
  4531 | D:5      | Gained mutation: You have hoof-like feet. [demonic ancestry]
  4531 | D:5      | Reached XP level 8. HP: 51/56 MP: 8/8
  4568 | D:5      | Found a sacrificial altar of Ru.
  4749 | D:5      | Got a steaming helmet
  4760 | D:5      | Identified the cursed +0 helmet of Fiwacuiq {+Fly rF- MR+ Slay+3} (You found it on level 5 of the Dungeon)
  4872 | D:5      | Found a shimmering altar of Xom.
  5093 | D:6      | Found a radiant altar of Vehumet.
  5226 | D:6      | Reached skill level 10 in Staves
  6072 | D:6      | You fall through a shaft for 2 floors!
  6484 | D:8      | Found a sparkling altar of Nemelex Xobeh.
  6879 | D:8      | Gained mutation: You are partially covered in yellow scales. (AC +2) [demonic ancestry]
  6879 | D:8      | Reached XP level 9. HP: 39/64 MP: 9/9
  7053 | D:8      | Reached skill level 11 in Staves
  7069 | D:8      | Noticed a queen bee
  7183 | D:8      | Killed a queen bee
  7431 | D:8      | Noticed a two-headed ogre
  7459 | D:8      | Killed a two-headed ogre
  7459 | D:8      | Reached skill level 5 in Fighting
  7459 | D:8      | Reached skill level 12 in Staves
  7974 | D:9      | Reached XP level 10. HP: 74/74 MP: 10/10
  8020 | D:9      | Found a white marble altar of Elyvilon.
  8589 | D:10     | Entered Level 10 of the Dungeon
  8628 | D:7      | Found an opulent altar of Gozag.
  8681 | D:7      | Found a snail-covered altar of Cheibriados.
  8832 | D:7      | Found a basalt altar of Yredelemnul.
  8975 | D:7      | Found a staircase to the Ecumenical Temple.
  9017 | D:7      | Found a sparkling altar of Nemelex Xobeh.
  9017 | D:7      | Found a shattered altar of Ashenzari.
  9275 | D:7      | Found a runed door.
  9304 | D:7      | Found a runed door.
  9652 | Temple   | Entered the Ecumenical Temple
  9660 | Temple   | Became a worshipper of Qazlal Stormbringer
 10235 | D:10     | Reached skill level 13 in Staves
 11497 | D:10     | Reached * piety under Qazlal
 11842 | D:10     | Gained mutation: You have hooves in place of feet. [demonic ancestry]
 11842 | D:10     | Reached XP level 11. HP: 73/87 MP: 11/11
 12163 | D:11     | Noticed a white ugly thing
 12165 | D:11     | Found a staircase to the Orcish Mines.
 12176 | D:10     | Slain by a white ugly thing

Vault maps used:
D:1:      dpeg_arrival_arbitrary_a
D:2:      lemuel_doored_altar, first_bread, kennysheep_generic_room_16
D:3:      uniq_grinder
D:4:      lemuel_blue_sif_altar, okawaru_trees_2, overflow_temple_1_default
D:5:      cheibrodos_iron_armory, nicolae_ru_great_annihilating_truth,
          kennysheep_mini, minivault_1, grunt_ministairs_1,
          minmay_crystal_water, kennysheep_generic_room_13
D:6:      vehumet_altar_wand_db, sigmund_army
D:7:      lemuel_insect_pit, slow_altar_1, nicolae_overflow_crystal_walls,
          yredelemnul_altar_generic, gammafunk_temple_overflow_elements,
          temple_pool_b, kennysheep_generic_room_15
D:8:      basic_altar, david_nohive_1, minivault_4
D:9:      elyvilon_altar_4
D:10:     erik_lair_island
D:11:     erik_orc_4, serial_glass, glass_columns_a, glass_columns_a,
          serial_bayou_pond_b, hangedman_abyss_or_decor_lesser_grid,
          hangedman_tell_no_tales
Temple:   dpeg_three_leaves_temple

Skill      XL: |  1  2  3  4  5  6  7  8  9 10 |
---------------+-------------------------------+-----
Staves         | 3 4 5 6 7 9 10 12 13 | 13.5
Fighting       | 3 5 8 |  8.7
Throwing       | |  1.7
Dodging        | |  2.6

Action                   |  1- 3 |  4- 6 |  7- 9 | 10-12 || total
-------------------------+-------+-------+-------+-------++-------
Melee: Quarterstaff      |   109 |    92 |   271 |   338 ||   810
       Kick              |    11 |    24 |    13 |    14 ||    62
Throw: Javelin           |       |       |     9 |     1 ||    10
       Throwing net      |       |       |     4 |       ||     4
Evoke: Wand              |       |       |     2 |     5 ||     7
  Use: Scroll            |       |     5 |     1 |     2 ||     8
 Stab: Sleeping          |       |       |     1 |     2 ||     3
       Paralysed         |       |       |     1 |       ||     1
       Held in net/web   |       |       |     2 |       ||     2
       Distracted        |       |       |     1 |     2 ||     3
  Eat: Chunk             |     4 |     5 |    12 |    14 ||    35
       Fruit             |       |       |       |     1 ||     1
Armor: Leather armour    |    29 |    10 |    70 |    88 ||   197
       Chain mail        |       |    22 |    17 |       ||    39
Dodge: Dodged            |    63 |    56 |   153 |   150 ||   422
Block: Other             |       |       |       |     4 ||     4

Table legend:
 A = Spawn XP
 B = Non-spawn XP
 C = Spawn XP percentage of total XP
 D = Spawn monster count
 E = Non-spawn monster count
 F = Spawn count percentage of total count
 G = Total turns spent on level
                    A         B        C        D         E        F      G
               +---------+---------+-------+---------+---------+-------+---------
         Total |       0 |   11955 |   0.0 |       0 |     289 |   0.0 | 12176
               +---------+---------+-------+---------+---------+-------+---------
           D:1 |       0 |      22 |   0.0 |       0 |      13 |   0.0 |  1463
           D:2 |       0 |      99 |   0.0 |       0 |      34 |   0.0 |  1367
           D:3 |       0 |     367 |   0.0 |       0 |      32 |   0.0 |   742
           D:4 |       0 |     869 |   0.0 |       0 |      15 |   0.0 |   942
           D:5 |       0 |     555 |   0.0 |       0 |      26 |   0.0 |   574
           D:6 |       0 |     240 |   0.0 |       0 |      14 |   0.0 |  1241
           D:7 |       0 |    1329 |   0.0 |       0 |      37 |   0.0 |  1206
           D:8 |       0 |    3203 |   0.0 |       0 |      45 |   0.0 |  1930
           D:9 |       0 |    1367 |   0.0 |       0 |      18 |   0.0 |   892
          D:10 |       0 |    3016 |   0.0 |       0 |      38 |   0.0 |  1672
          D:11 |       0 |     888 |   0.0 |       0 |      17 |   0.0 |   129
               +---------+---------+-------+---------+---------+-------+---------
